 Dungeon Crawl Stone Soup version 0.26-a0-771-g060e6a62af (webtiles) character file.

Game seed: 18138389158725234942

103 Conn the Firebug (level 4, -6/27 HPs)
             Began as an Octopode Fire Elementalist on Nov 8, 2020.
             Mangled by an iguana (13 damage)
             ... on level 2 of the Dungeon.
             The game lasted 00:05:51 (1821 turns).

Conn the Firebug (Octopode Fire Elementalist)       Turns: 1821, Time: 00:05:51

Health: -6/27      AC:  1    Str:  7    XL:     4   Next: 79%
Magic:  5/8        EV: 13    Int: 18    God:
Gold:   84         SH:  0    Dex: 12    Spells: 7/8 levels left

rFire    . . .     SeeInvis .   c - +0 dagger
rCold    . . .     Faith    .   (no shield)
rNeg     . . .     Spirit   .   (helmet restricted)
rPois    .         Reflect  .   (no amulet)
rElec    .         Harm     .   (no ring)
rCorr    .         Rampage  .   (no ring)
MR       .....                  (no ring)
Stlth    +++.......             (no ring)
HPRegen  0.09/turn              (no ring)
MPRegen  0.11/turn              (no ring)
                                (no ring)
                                (no ring)

@: no status effects
A: almost no armour, stealthy swim, amphibious, 8 rings, constrict 8, camouflage
1, gelatinous body 1
a: no special abilities


You were on level 2 of the Dungeon.
You visited 1 branch of the dungeon, and saw 2 of its levels.

You collected 84 gold pieces.

Inventory:

Hand Weapons
 c - a +0 dagger (weapon)
Missiles
 b - 6 poisoned darts (quivered)
Scrolls
 a - 3 scrolls of enchant armour {unknown}
 e - a scroll of remove curse {unknown}
 g - a scroll of blinking {unknown}
 h - a scroll of enchant weapon {unknown}
 j - a scroll of identify {unknown}
Potions
 d - a potion of attraction {unknown}
 f - a potion of might {unknown}
 i - a potion of cancellation {unknown}


   Skills:
 + Level 2.1 Dodging
 + Level 3.8 Stealth
 + Level 0.3 Unarmed Combat
 + Level 2.8 Spellcasting
 + Level 1.4 Conjurations
 + Level 4.0 Fire Magic


You had 7 spell levels left.
You knew the following spells:

 Your Spells              Type           Power        Failure   Level
a - Foxfire               Conj/Fire      ##..         5%          1

Your spell library contained the following spells:

 Spells                   Type           Power        Failure   Level
 Conjure Flame            Conj/Fire      ##......     16%         3
 Inner Flame              Hex/Fire       #.......     22%         3
 Sticky Flame             Conj/Fire      ##......     45%         4
 Fireball                 Conj/Fire      ##........   82%         5


Dungeon Overview and Level Annotations

Branches:
Dungeon (2/15)

Altars:


Innate Abilities, Weirdness & Mutations

You cannot wear most types of armour.
You are very stealthy in the water. (Stealth+)
You are amphibious.
You can wear up to eight rings at the same time.
You can use your tentacles to constrict eight enemies at once.
Your skin changes colour to match your surroundings (Stealth+).
Your rubbery body absorbs attacks. (AC +1, EV +1)


Message History

Press: ? - help, Shift-Dir - straight line, f/p - iguana
Aim: an iguana (lightly wounded, poisoned)
You throw a poisoned dart.
The poisoned dart barely misses the iguana.
The poisoned dart hits the rat.
The iguana bites you!
* * * LOW HITPOINT WARNING * * *
The iguana looks more healthy.
Press: ? - help, v - describe, . - travel
Here: an iguana (severely wounded)
The floor.
Unknown command.
Okay, then.
Okay, then.
You see here 3 poisoned darts.
You see here a poisoned dart.
Things that are here:
a +0 club; a dagger; a kobold skeleton
Okay, then.
The iguana bites you!
You die...

r# ####.##.## .#
###..[.....## ..
#......#....# ..
#.#.##.รท....#
#.#
##.#.###(###.#
#.....##(# #.#
##...#)###.#
#...r.##.#
##....##@#
#>...##l#
##.......#
##.....####
..###......####
#..............#
###....#######.#
.....##.# #####
#.#


You could see an iguana.

Vanquished Creatures
  Robin (D:2)
  2 adders (D:2)
  An ooze (D:2)
  A worm (D:2)
  A dart slug (D:2)
  3 leopard geckos
  6 bats
  2 giant cockroaches (D:1)
  11 goblins
  6 hobgoblins
  7 jackals
  5 frilled lizards
  8 kobolds
  3 rats
57 creatures vanquished.

Vanquished Creatures (others)
  99 foxfires
99 creatures vanquished.

Grand Total: 156 creatures vanquished

Notes
Turn   | Place    | Note
-------+----------+-------------------------------------------
     0 | D:1      | Conn the Octopode Fire Elementalist began the quest for the
                  | Orb.
     0 | D:1      | Reached XP level 1. HP: 11/11 MP: 3/3
   109 | D:1      | Reached XP level 2. HP: 17/17 MP: 1/5
   512 | D:1      | Reached XP level 3. HP: 21/21 MP: 4/6
  1486 | D:2      | Reached skill level 4 in Fire Magic
  1486 | D:2      | Reached XP level 4. HP: 27/27 MP: 1/7
  1726 | D:2      | Noticed Robin
  1735 | D:2      | Killed Robin
  1821 | D:2      | Mangled by an iguana

Illustrated notes

Levels and vault maps discovered:
D:1:      ncdulo_watergridlock, layout_loops_cross, serial_glass,
          glass_columns_b, glass_columns_a, feat_on_display
D:2:      layout_loops_ring, kennysheep_small_spiral, patterned_corridor,
          uniq_robin, uniq_crazy_yiuf_cottage

Skill      XL: |  1  2  3 |
---------------+----------+-----
Stealth        | 3 |  3.8
Fire Magic     | 4 |  4.0
Dodging        | |  2.1
Unarmed Combat | |  0.3
Spellcasting   | |  2.8
Conjurations   | |  1.4

Action                   |  1- 3 |  4- 6 || total
-------------------------+-------+-------++-------
Melee: Unarmed           |    19 |       ||    19
       Constrict         |     4 |     2 ||     6
       Tentacles         |     3 |     2 ||     5
       Dagger            |    12 |     8 ||    20
Throw: Dart              |       |     5 ||     5
 Cast: Foxfire           |    48 |    16 ||    64
  Use: Potion            |     1 |       ||     1
 Stab: Sleeping          |     3 |       ||     3
Armor: Skin              |    20 |       ||    20
Dodge: Dodged            |    26 |    15 ||    41

Table legend: (Time is in decaauts)
 A = Elapsed time spent in this place.
 B = Non-inter-level travel time spent in this place.
 C = Inter-level travel time spent in this place.
 D = Time resting spent in this place.
 E = Time spent auto-exploring this place.
 F = Levels seen in this place.
 G = Mean time per level.
                   A        B        C        D        E       F      G
               +--------+--------+--------+--------+--------+-----+--------+
         Total |   1820 |   1804 |     16 |    301 |    890 |   2 |  910.0 |
       Dungeon |   1820 |   1804 |     16 |    301 |    890 |   2 |  910.0 |
               +--------+--------+--------+--------+--------+-----+--------+

Top non-repeatable levels by time:
     D:1: 1084 daAuts
     D:2: 735 daAuts
